 Dungeon Crawl Stone Soup version 0.29.1-13-g9f3cf754e1 (webtiles) character file.

Game seed: 16540571331210330005

338 BeingJoeMalik the Cudgeller (level 6, -2/55 HPs)
             Began as a Tengu Fighter on Feb 7, 2023.
             Succumbed to a gnoll's poison
             ... on level 4 of the Dungeon.
             The game lasted 00:07:30 (3526 turns).

BeingJoeMalik the Cudgeller (Tengu Fighter)         Turns: 3526, Time: 00:07:31

Health: -2/55      AC:  8    Str: 16    XL:     6   Next: 55%
Magic:  7/7        EV: 10    Int: 10    God:
Gold:   104        SH:  5    Dex: 14    Spells: 5/5 levels left

rFire   . . .      SeeInvis .   o - +1 whip (elec)
rCold   + . .      Faith    .   c - +0 buckler
rNeg    . . .      Spirit   .   d - +2 scale mail {rC+}
rPois   .          Reflect  .   (helmet restricted)
rElec   .          Harm     .   (no cloak)
rCorr   +          Rampage  .   (no gloves)
Will    .....                   (boots unavailable)
Stlth   ..........              n - amulet of regeneration
HPRegen 0.98/turn               m - ring of resist corrosion
MPRegen 0.10/turn               q - +4 ring of slaying

@: berserking, lethally poisoned (-2 -> -17), flying quickly and evasively, very
quick
A: beak, talons 3, nimble flight
a: no special abilities


You were on level 4 of the Dungeon.
You visited 1 branch of the dungeon, and saw 4 of its levels.

You collected 194 gold pieces.
You spent 90 gold pieces at shops.

Inventory:

Hand Weapons
 a - a +0 vampiric flail
 o - a +1 whip of electrocution (weapon)
Missiles
 s - 7 poisoned darts (quivered)
Armour
 c - a +0 buckler (worn)
 d - a +2 scale mail of cold resistance (worn)
Jewellery
 m - a ring of resist corrosion (left hand)
 n - an amulet of regeneration (around neck)
 q - a +4 ring of slaying (right hand)
 t - a ring of magical power
Scrolls
 b - a scroll of teleportation
 f - a scroll of enchant armour {unknown}
 h - a scroll of identify
Potions
 e - 2 potions of invisibility
 g - a potion of flight
 k - a potion of resistance
 u - 2 potions of attraction


   Skills:
 - Level 3.0 Fighting
 + Level 5.7 Maces & Flails
 - Level 3.2 Armour
 + Level 5.2 Shields


You had 5 spell levels left.
You didn't know any spells.
Your spell library was empty.

Dungeon Overview and Level Annotations

Branches:
Dungeon (4/15)
 Temple: D:4-7

Altars:

Shops:
D:1 (

Annotations:
D:3 3 runed translucent doors, Golfball's ghost, amateur GrFi


Innate Abilities, Weirdness & Mutations

You have a beak for a mouth.
You have claws for feet.
Your magical nature lets you fly swiftly and evasively.


Message History

You feel very sick.
The gnoll bouda hits you with a +0 whip.
The gnoll hits you from afar with a +1 spear of venom.
You are more poisoned.
You hit the gnoll bouda. You peck the gnoll bouda.
You kill the gnoll bouda!
You feel very sick.
Unknown command.
You aren't carrying any items that you can evoke.
A red film seems to cover your vision as you go berserk!
You feel yourself moving faster!
You feel mighty!
You feel very sick. You block the gnoll's attack.
Unknown command.
You feel a strong urge to attack something.
You feel sick.
The gnoll hits you with a +1 spear of venom.
* * * LOW HITPOINT WARNING * * *
You are more poisoned.
Items here: )) [ ††.
You closely miss the gnoll.
* * * LOW HITPOINT WARNING * * *
You feel very sick. The gnoll barely misses you.
The gnoll hits you with a +1 spear of venom.
* * * LOW HITPOINT WARNING * * *
You are more poisoned.
You barely miss the gnoll.
* * * LOW HITPOINT WARNING * * *
You feel very sick. The gnoll hits you but does no damage.
Unknown command.
You whack the gnoll! You claw the gnoll.
You kill the gnoll!
* * * LOW HITPOINT WARNING * * *
You feel very sick.
Unknown command.
Unknown command.
You are too berserk!
You die...

#.###...#.#######.## #.# #.#
#...#.# #.# #.# #.# #...#.# #.#
#.. #.###.###.# ##'## ###
#.........# ##...## #####.#####
##.....## ### ##### #...#.##
##.......## ##.#
....###......####g........####...
...............)@g........+.....>
..#.####.#...####.........####...
.....# #.##.## ##.......## ##.#
.....# #.#### ##<....## ###
.....# #.# ##..<## ###### ..#.##
#.# #######'## #.....
..#.####.######.......# #.####
.............##.#.#.#.# #.#
.###.###.###.##..###..## #.#


You could see 2 gnolls.

Vanquished Creatures
  A hound (D:4)
  A jelly (D:4)
  A gnoll bouda (D:4)
  Terence (D:2)
  An iguana (D:4)
  2 orc wizards (D:4)
  3 gnolls
  4 adders
  A shadow imp (D:4)
  2 worms (D:2)
  2 dart slugs
  2 orcs
  9 bats
  8 endoplasms
  2 giant cockroaches
  7 goblins
  5 hobgoblins
  7 jackals (D:1)
  5 quokkas
  6 ball pythons
  2 frilled lizards
  5 kobolds
  5 rats
82 creatures vanquished.

Vanquished Creatures (others)
  3 plants (D:2)
3 creatures vanquished.

Grand Total: 85 creatures vanquished

Notes
Turn   | Place    | Note
-------+----------+-------------------------------------------
     0 | D:1      | BeingJoeMalik the Tengu Fighter began the quest for the
                  | Orb.
     0 | D:1      | Reached XP level 1. HP: 14/14 MP: 2/2
    54 | D:1      | Reached XP level 2. HP: 14/19 MP: 3/3
   159 | D:1      | Found Ichuoh's Weapon Shoppe.
   439 | D:1      | Reached XP level 3. HP: 18/23 MP: 4/4
  1643 | D:2      | Reached XP level 4. HP: 28/28 MP: 5/5
  1766 | D:1      | Bought a +0 whip of electrocution for 90 gold pieces
  1907 | D:3      | Noticed Terence
  1915 | D:2      | Killed Terence
  2112 | D:3      | Noticed Golfball's ghost (amateur GrFi)
  2174 | D:3      | Found a runed translucent gate.
  2174 | D:3      | Found a runed translucent gate.
  2181 | D:3      | Found a runed translucent gate.
  2188 | D:3      | Gained mutation: Your magical nature lets you fly swiftly
                  | and evasively. [Tengu growth]
  2188 | D:3      | Reached XP level 5. HP: 32/32 MP: 6/6
  3201 | D:4      | Reached skill level 5 in Maces & Flails
  3201 | D:4      | Reached skill level 5 in Shields
  3201 | D:4      | Reached XP level 6. HP: 37/37 MP: 7/7
  3525 | D:4      | HP: 1/55 [poisoned by a gnoll]
  3526 | D:4      | Succumbed to a gnoll's poison

Illustrated notes

Levels and vault maps discovered:
D:1:      tarquinn_simple_flora_water_e, layout_rooms, serial_shops,
          nicolae_shop_bloodbath_and_beyond
D:2:      cheibrodos_old_hovel, layout_loops_cross, fountainhead
D:3:      layout_basic, gammafunk_ghost_split, minmay_misc_feat_alley,
          uniq_terence
D:4:      layout_loops_corners

Skill      XL: |  1  2  3  4  5 |
---------------+----------------+-----
Shields        | 4 5 |  5.2
Maces & Flails | 3 4 5 |  5.7
Fighting       | |  3.0
Armour         | |  3.2

Action                   |  1- 3 |  4- 6 || total
-------------------------+-------+-------++-------
Melee: Flail             |   106 |     2 ||   108
       Kick              |    26 |    25 ||    51
       Peck              |    15 |    13 ||    28
       Whip              |       |   112 ||   112
Throw: Dart              |       |     2 ||     2
  Use: Potion            |     1 |     2 ||     3
       Scroll            |       |    12 ||    12
Armor: Scale mail        |    67 |    39 ||   106
Dodge: Dodged            |    36 |    46 ||    82
Block: Buckler           |    37 |    22 ||    59
